 Dungeon Crawl Stone Soup version 0.23.1 (webtiles) character file.

Game seed: 9578549647017869095

2308 Borgoz the Sneak (level 9, -6/69 (70) HPs)
             Began as a Ghoul Assassin on Mar 7, 2019.
             Was a Follower of Ashenzari.
             Mangled by a wyvern (14 damage)
             ... on level 9 of the Dungeon.
             The game lasted 00:19:05 (9067 turns).

Borgoz the Sneak (Ghoul Assassin)                   Turns: 9067, Time: 00:19:06

HP:   -6/69 (70)    AC: 11    Str: 15    XL:     9   Next: 41%
MP:   0/13          EV: 13    Int:  8    God:    Ashenzari [*.....]
Gold: 350           SH:  0    Dex: 15    Spells: 9/14 levels left

rFire    . . .     SeeInvis .   a - +2 dagger
rCold    + . .     Gourm    .   (no shield)
rNeg     + + +     Faith    .   m - +1 ring mail of Kaskaod {Regen+ rCorr}
rPois    ∞         Spirit   +   (no helmet)
rElec    .         Reflect  .   i - +1 cloak
rCorr    +         Harm     .   r - +1 pair of gloves (curse)
MR       .....                  (no boots)
Stlth    +++.......             y - amulet of guardian spirit
HPRegen  0.00/turn              j - ring of wizardry
MPRegen  0.13/turn              x - +4 ring of dexterity (curse)

@: rotting
A: rotting body, claws 1, carnivore, cold resistance 1, negative energy
resistance 3, inhibited regeneration, torment resistance, unbreathing
a: Curse Item, Scrying, Renounce Religion


You were on level 9 of the Dungeon.
You worshipped Ashenzari.
Ashenzari was aware of your devotion.
You were not hungry.

You visited 2 branches of the dungeon, and saw 10 of its levels.

You collected 350 gold pieces.

Inventory:

Hand Weapons
 a - a +2 dagger (weapon)
 b - a +0 blowgun
Missiles
 e - 40 poisoned needles
 f - 2 curare-tipped needles
 s - 3 tomahawks (quivered)
Armour
 h - a +0 leather armour
 i - a +1 cloak (worn)
 m - the +1 ring mail of Kaskaod (worn) {Regen+ rCorr}
   (You found it on level 6 of the Dungeon)

   It increases your rate of regeneration.
   It provides partial protection from all sources of acid and corrosion.
 r - a cursed +1 pair of gloves (worn)
Jewellery
 j - a ring of wizardry (left hand)
 x - a cursed +4 ring of dexterity (right hand)
 y - an amulet of guardian spirit (around neck)
Wands
 w - a wand of polymorph (22)
 A - a wand of paralysis (5)
Scrolls
 c - 3 scrolls of identify
 d - 3 scrolls of amnesia
 n - 5 scrolls of remove curse
 o - a scroll of blinking
 q - a scroll of enchant weapon
 u - 4 scrolls of immolation
 v - 3 scrolls of teleportation
Comestibles
 g - 17 rations
 l - 3 chunks of flesh


   Skills:
 + Level 3.4 Fighting
 * Level 5.0 Short Blades
 - Level 1.7 Throwing
 * Level 4.9 Armour
 * Level 5.2 Dodging
 + Level 7.7 Stealth
 - Level 3.3 Spellcasting
 + Level 0.6 Conjurations
 + Level 0.5 Translocations
 + Level 0.7 Air Magic
 + Level 0.6 Poison Magic


You had 9 spell levels left.
You knew the following spells:

 Your Spells              Type           Power        Failure   Level  Hunger
a - Blink                 Tloc           N/A          26%         2    ###....
b - Mephitic Cloud        Conj/Pois/Air  #.......     45%         3    ####...

Your spell library contained the following spells:

 Spells                   Type           Power        Failure   Level  Hunger
 Magic Dart               Conj           #...         17%         1    ##.....
 Searing Ray              Conj           #.....       26%         2    ###....
 Call Imp                 Summ           #.......     32%         2    ###....
 Slow                     Hex            #.......     32%         2    ###....
 Conjure Flame            Conj/Fire      #.......     50%         3    ####...
 Dazzling Spray           Conj/Hex       #.....       50%         3    ####...
 Iskenderun's Mystic Bla  Conj           #.......     83%         4    #####..
 Force Lance              Conj/Tloc      #.......     85%         4    #####..
 Fulminant Prism          Conj/Hex       #.........   86%         4    #####..


Dungeon Overview and Level Annotations

Branches:
Dungeon (9/15)             Temple (1/1) D:6
   Lair: D:8-11         Orc: D:9-12

Altars:
Ashenzari
Cheibriados
Dithmenos
Gozag
Kikubaaqudgha
Makhleb
Nemelex Xobeh
Okawaru
Qazlal
Ru
Sif Muna
Trog
Uskayaw
Vehumet
Wu Jian
Yredelemnul
Zin
The Shining One

Annotations:
D:4 2 transporters, dvd's ghost, novice FoFi


Innate Abilities, Weirdness & Mutations

Your body is rotting away.
You thrive on raw meat.
You are immune to poison.
You have sharp fingernails.
You are carnivorous and can eat meat at any time.
Your flesh is cold resistant. (rC+)
You are immune to negative energy. (rN+++)
You do not regenerate when monsters are visible.
You are immune to unholy pain and torment.
You can survive without breathing.


Message History

The kobold hits you but does no damage. The wyvern bites you!
* * * LOW HITPOINT WARNING * * *
Throwing (i - inventory)
s - 3 tomahawks (quivered)
Press: ? - help, Shift-Dir - straight line, f/p - wyvern
Aim: a wyvern (almost dead)
Okay, then.
You hit the wyvern but do no damage.
The wyvern is almost dead.
The wyvern bites you but does no damage.
The kobold completely misses you.
You hit the wyvern.
The wyvern is almost dead.
The wyvern closely misses you. The kobold hits you but does no damage.
You barely miss the wyvern.
The wyvern is almost dead.
The wyvern closely misses you.
You hit the wyvern but do no damage.
The wyvern is almost dead.
The wyvern bites you!
You die...

#...........###
#.........(...#
#.........)...#
###########...#
#.{.##..(#
#...##...#
#...##(..#
#...##(..#
#([.##@..#
#...##Kl.###
.'...+'Y....#
##...##.).#.###
#...##<.......
#..$##(.......
#...##(.......
#...##........
.
#...##........
.


You could see a wyvern, a sky beast and a kobold.

Vanquished Creatures
  A basilisk (D:9)
  2 sky beasts
  2 ice beasts
  3 phantoms
  2 centaurs
  A big kobold (D:9)
  A water moccasin skeleton (D:5)
  A scorpion (D:6)
  3 howler monkeys
  2 crimson imps (D:5)
  A centaur zombie (D:9)
  A bullfrog zombie (D:6)
  3 bullfrog skeletons
  6 hounds
  2 orc priests
  An iguana (D:4)
  6 worker ants
  5 orc wizards
  A hound zombie (D:7)
  A hound skeleton (D:6)
  2 howler monkey zombies
  A worker ant zombie (D:8)
  3 gnolls (D:9)
  9 adders
  A shadow imp (D:9)
  3 adder skeletons
  4 worms
  3 dart slugs (D:1)
  4 leopard geckos
  26 orcs
  A ball python (D:5)
  6 bats
  2 giant cockroaches
  14 goblins
  13 hobgoblins
  6 jackals
  9 kobolds
  3 quokkas
  2 frilled lizards
  13 rats
  A bush (D:1)
  A plant (D:1)
172 creatures vanquished.

Vanquished Creatures (others)
  11 toadstools (D:9)
11 creatures vanquished.

Grand Total: 183 creatures vanquished

Notes
Turn   | Place    | Note
-------+----------+-------------------------------------------
     0 | D:1      | Borgoz the Ghoul Assassin began the quest for the Orb.
     0 | D:1      | Reached XP level 1. HP: 17/17 MP: 0/0
   136 | D:1      | Reached skill level 1 in Dodging
   136 | D:1      | Reached XP level 2. HP: 17/24 MP: 1/1
   458 | D:1      | Reached skill level 1 in Armour
   458 | D:1      | Reached XP level 3. HP: 28/29 MP: 2/2
  1415 | D:2      | Reached skill level 5 in Stealth
  1425 | D:2      | Reached XP level 4. HP: 12/36 MP: 3/3
  2660 | D:3      | Reached XP level 5. HP: 33/41 MP: 4/4
  2700 | D:3      | HP: 2/41 [orc/+0 hand axe (6)]
  2863 | D:3      | Found an opulent altar of Gozag.
  2951 | D:3      | Found a sacrificial altar of Ru.
  3971 | D:4      | Found a transporter.
  4039 | D:4      | Noticed dvd's ghost (novice FoFi)
  4040 | D:4      | Found a transporter.
  4044 | D:4      | Noticed a two-headed ogre
  4067 | D:4      | Reached XP level 6. HP: 29/48 MP: 2/5
  4246 | D:4      | Found a sparkling altar of Nemelex Xobeh.
  4273 | D:4      | Noticed an ice beast
  4277 | D:4      | Killed an ice beast
  4342 | D:4      | Reached skill level 1 in Spellcasting
  4560 | D:5      | Entered Level 5 of the Dungeon
  4560 | D:5      | Noticed an ice beast
  4573 | D:5      | Killed an ice beast
  4573 | D:5      | Reached skill level 6 in Stealth
  4573 | D:5      | Reached XP level 7. HP: 48/55 MP: 5/7
  5434 | D:5      | Reached XP level 8. HP: 15/60 MP: 3/10
  5977 | D:5      | Found an ancient bone altar of Kikubaaqudgha.
  6004 | D:5      | Found a deep blue altar of Sif Muna.
  6281 | D:6      | Found a staircase to the Ecumenical Temple.
  6292 | Temple   | Entered the Ecumenical Temple
  6418 | Temple   | Became a worshipper of Ashenzari the Shackled
  6489 | D:6      | Reached skill level 7 in Stealth
  6673 | D:6      | Got the uncursed ring mail of Kaskaod {Regen+ rCorr}
  6684 | D:6      | Identified the +1 ring mail of Kaskaod {Regen+ rCorr} (You
                  | found it on level 6 of the Dungeon)
  7604 | D:7      | Found a faded altar of an unknown god.
  7604 | D:7      | Found a radiant altar of Vehumet.
  7609 | D:7      | Found an iron altar of Okawaru.
  7611 | D:7      | Found a hide-covered altar of Uskayaw.
  7613 | D:7      | Found a glowing silver altar of Zin.
  7644 | D:7      | Reached * piety under Ashenzari
  7904 | D:8      | Reached XP level 9. HP: 59/67 MP: 12/12
  8020 | D:8      | Reached skill level 5 in Dodging
  8402 | D:9      | Learned a level 2 spell: Blink
  8406 | D:9      | Learned a level 3 spell: Mephitic Cloud
  8731 | D:9      | Found a stormy altar of Qazlal.
  9010 | D:9      | Reached skill level 5 in Short Blades
  9067 | D:9      | Mangled by a wyvern

Skill      XL: |  1  2  3  4  5  6  7  8  9 |
---------------+----------------------------+-----
Dodging        | 1 2 3 4 5 |  5.2
Short Blades   | 2 3 4 5 |  5.0
Armour         | 1 2 3 4 |  4.9
Stealth        | 5 6 7 |  7.7
Spellcasting   | 1 2 3 |  3.3
Fighting       | 3 |  3.4
Throwing       | |  1.7
Conjurations   | |  0.6
Translocations | |  0.5
Air Magic      | |  0.7
Poison Magic   | |  0.6

Action                   |  1- 3 |  4- 6 |  7- 9 || total
-------------------------+-------+-------+-------++-------
Melee: Dagger            |   469 |   292 |   856 ||  1617
 Fire: Blowgun           |       |       |     6 ||     6
Throw: Throwing net      |       |       |     2 ||     2
       Tomahawk          |       |       |     2 ||     2
Invok: Curse Item        |       |       |     2 ||     2
  Use: Potion            |     2 |       |     7 ||     9
       Scroll            |       |     2 |     8 ||    10
 Stab: Sleeping          |     7 |    11 |     9 ||    27
       Distracted        |       |       |     1 ||     1
       Held in net/web   |       |       |     1 ||     1
  Eat: Chunk             |    10 |    21 |    24 ||    55
Armor: Robe              |    21 |    32 |       ||    53
       Leather armour    |       |    31 |    70 ||   101
       Ring mail         |       |       |   212 ||   212
Dodge: Dodged            |    38 |   161 |   503 ||   702
